 Dungeon Crawl Stone Soup version 0.30-a0-965-g42e074c17a (webtiles) character file.

Game seed: 12292170147850088528

37424 Lobster4 the Grappler (level 13, -5/124 HPs)
             Began as a Troll Earth Elementalist on Mar 30, 2023.
             Was a Believer of Uskayaw.
             Slain by a merfolk
             ... wielding a +0 trident
              (16 damage)
             ... on level 3 of the Lair of Beasts.
             The game lasted 01:11:14 (21381 turns).

Lobster4 the Grappler (Troll Earth Elementalist)   Turns: 21381, Time: 01:11:15

Health: -5/124     AC: 13    Str: 19    XL:     13   Next: 58%
Magic:  6/20       EV: 10    Int: 15    God:    Uskayaw [**....]
Gold:   1100       SH:  5    Dex: 10    Spells: 15/22 levels left

rFire   + . .      SeeInvis +      - Unarmed
rCold   . . .      Faith    .    (no shield)
rNeg    . . .      Spirit   .    M - +0 swamp dragon scales
rPois   +          Reflect  +    (helmet restricted)
rElec   .          Rampage  .    t - +1 cloak
rCorr   .                        (gloves unavailable)
Will    .....                    (boots unavailable)
Stlth   +                        i - amulet of reflection
HPRegen 1.20/turn                T - ring "Zacwun" {Fly rF+}
MPRegen 0.17/turn                R - ring of see invisible

@: flying, mesmerised, studying Axes
A: large, unfitting armour, claws 3, regeneration 1, shaggy fur 1, tough skin 1
a: Renounce Religion, Stomp, Line Pass


You were on level 3 of the Lair of Beasts.
You worshipped Uskayaw.
Uskayaw was noncommittal.
You visited 4 branches of the dungeon, and saw 17 of its levels.
You also visited: Ossuary.

You collected 1541 gold pieces.
You spent 441 gold pieces at shops.

Inventory:

Hand Weapons
 h - a +2 vampiric whip
 s - a +1 sling
 A - a +0 war axe of flaming
 B - a +0 giant spiked club
 D - a +0 dire flail
 F - a +2 antimagic arbalest
 H - a +1 whip of freezing
 W - a +0 longbow
Missiles
 c - 142 stones
 g - 36 poisoned darts (quivered)
 u - 7 boomerangs
 S - 3 atropa-tipped darts
 U - 6 large rocks
Armour
 a - a +2 robe of cold resistance
 q - +0 steam dragon scales
 t - a +1 cloak (worn)
 M - +0 swamp dragon scales (worn)
Magical Staves
 k - a staff of air
Jewellery
 d - an amulet of the acrobat
 i - an amulet of reflection (around neck)
 R - a ring of see invisible (right claw)
 T - the ring "Zacwun" (left claw) {Fly rF+}
   (You bought it in a shop on level 1 of the Orcish Mines)

   [ring of flight]

   rF:        It protects you from fire.
   Fly:       It grants you flight.
Wands
 e - a wand of roots (4)
 x - a wand of mindburst (17)
 y - a wand of polymorph (4)
 z - a wand of digging (4)
 G - a wand of flame (9)
Scrolls
 n - a scroll of poison
 o - 5 scrolls of enchant armour
 C - 2 scrolls of teleportation
 E - 3 scrolls of fog
 I - 3 scrolls of enchant weapon
 K - 2 scrolls of identify
 L - a scroll of amnesia
 O - a scroll of immolation
 P - a scroll of silence
Potions
 b - 3 potions of magic
 f - a potion of brilliance
 j - 2 potions of resistance
 l - 7 potions of curing
 p - 7 potions of mutation
 r - a potion of heal wounds
 w - 2 potions of haste
 J - a potion of flight
 Q - a potion of ambrosia
Miscellaneous
 v - a condenser vane (inert)


   Skills:
 + Level 7.1 Fighting
 + Level 6.4(6.5) Axes
 - Level 2.1(4.9) Maces & Flails
 + Level 5.4 Throwing
 + Level 6.1 Armour
 - Level 6.0 Dodging
 - Level 1.0 Stealth
 + Level 8.3 Unarmed Combat
 + Level 5.4 Spellcasting
 + Level 5.6 Conjurations
 - Level 1.0 Transmutations
 + Level 2.5 Fire Magic
 + Level 8.2 Earth Magic
 + Level 4.7 Invocations
 - Level 3.0 Evocations


You had 15 spell levels left.
You knew the following spells:

 Your Spells              Type           Power      Damage    Failure   Level
a - Sandblast             Erth           56%        2d13      1%          1
b - Stone Arrow           Conj/Erth      48%        3d10      4%          3
c - Foxfire               Conj/Fire      64%        2x1d4     4%          1
p - Passwall              Tmut/Erth      14%        N/A       6%          2

Your spell library contained the following spells:

 Spells                   Type           Power      Damage    Failure   Level
 Summon Small Mammal      Summ           16%        N/A       26%         1
 Sublimation of Blood     Necr           4%         N/A       36%         2
 Petrify                  Tmut/Erth      17%        N/A       36%         4
 Inner Flame              Hex/Fire       7%         N/A       41%         3
 Flame Wave               Conj/Fire      16%        2d7       43%         4
 Sticky Flame             Conj/Fire      16%        2d4       43%         4
 Call Canine Familiar     Summ           4%         N/A       58%         3
 Gell's Gravitas          Tloc           4%         N/A       58%         3
 Summon Guardian Golem    Hex/Summ       4%         N/A       58%         3
 Teleport Other           Tloc           4%         N/A       58%         3
 Fireball                 Conj/Fire      8%         3d6       78%         5
 Irradiate                Conj/Tmut      6%         3d13      88%         5
 Dispersal                Tloc           2%         N/A       100%        6
 Starburst                Conj/Fire      8%         6d4       100%        6


Dungeon Overview and Level Annotations

Branches:
Dungeon (11/15)            Temple (1/1) D:6            Lair (3/5) D:8
 Spider (0/4) Lair:2          Orc (2/2) D:10        Ossuary (visited)
  Swamp: Lair:2-3    Shoals: Lair:2-3       Elf: Orc:2

Altars:
Ashenzari
Cheibriados
Dithmenos
Elyvilon
Fedhas
Gozag
Hepliaklqana
Kikubaaqudgha
Makhleb
Nemelex Xobeh
Okawaru
Qazlal
Ru
Sif Muna
Trog
Uskayaw
Vehumet
Wu Jian
Xom
Yredelemnul
Zin
The Shining One

Shops:
D:7 *   Orc:1 =

Annotations:
D:5 exclusions: orc priest and water moccasin
D:8 2 exclusions
Lair:3 exclusion: oklob plant
Orc:2 Jorgrun


Innate Abilities, Weirdness & Mutations

You are too large for most types of armour.
You have claws for hands.
Your natural rate of healing is unusually fast.
You are covered in fur. (AC +1)
You have tough skin. (AC +1)


Message History

You can no longer pass through a line of other dancers.
You feel much better.
The merfolk siren chants its luring song.
The merfolk completely misses you.
You scratch the merfolk.
The merfolk is heavily wounded.
The merfolk siren chants its luring song.
The merfolk hits you with a +0 trident.
* * * LOW HITPOINT WARNING * * *
You closely miss the merfolk.
The merfolk is heavily wounded.
The merfolk siren chants its luring song.
You scratch the merfolk.
The merfolk is heavily wounded.
The merfolk closely misses you.
You claw the merfolk!
The merfolk is severely wounded.
The merfolk hits you with a +0 trident.
* * * LOW HITPOINT WARNING * * *
The merfolk siren hits you from afar with a +0 spear!
* * * LOW HITPOINT WARNING * * *
You can now pass through a line of other dancers.
You barely miss the merfolk.
The merfolk is severely wounded.
You block the merfolk's attack.
The merfolk siren chants its luring song.
You completely miss the merfolk.
The merfolk is severely wounded.
The merfolk hits you with a +0 trident.
* * * LOW HITPOINT WARNING * * *
The merfolk siren hits you but does no damage.
You scratch the merfolk but do no damage.
The merfolk is severely wounded.
The merfolk hits you with a +0 trident!
* * * LOW HITPOINT WARNING * * *
The merfolk siren chants its luring song.
You claw the merfolk!
The merfolk is almost dead.
The merfolk hits you with a +0 trident!
You die...

#####........# ###......#
.# # ###.....## #.......##
..# #...########...#..##
m.#
##....#.#P#.()#.#.##~..# #
####............##.m.).# #
###.....###.?....####..l..#
###P.....###.....m.#
####### .#....####
###...m## ....### ##.@..##
....#### ##.....P# #...P#.#
#.##...## ##....####
###.....#
#....##.####..#....#
#.............###...#
##.........^..# ##..#
######P#P.P..# ...#
###.P#..# #..


You could see a merfolk and a merfolk siren (mesmerising).

Vanquished Creatures
  A catoblepas (Lair:2)
  A boulder beetle (Lair:2)
  8 two-headed ogres
  A death yak (D:7)
  Amaemon (Lair:1)
  A cyclops (Orc:2)
  2 orc sorcerers
  Joseph (D:7)
  A merfolk siren (Lair:3)
  A black mamba (Lair:3)
  8 cane toads
  Maggie (D:9)
  An orange demon (Lair:1)
  A torpor snail (Lair:3)
  A demonic crawler (Lair:2)
  2 gargoyles (D:11)
  Psyche (D:8)
  5 komodo dragons (Lair:1)
  2 rime drakes
  3 kobold demonologists (D:10)
  A merfolk (Lair:3)
  3 polar bears (D:8)
  2 trolls
  2 dream sheep (Lair:2)
  44 yaks
  2 wyverns
  4 basilisks
  A human (D:8)
  9 vampire mosquitoes
  2 steam dragons
  A swamp worm (D:9)
  12 wargs
  7 water moccasins
  2 hell hounds (D:10)
  24 orc warriors
  2 ice beasts
  A sky beast (D:7)
  A black bear (D:7)
  3 ogres
  6 wolves (Lair:3)
  A phantom (D:7)
  3 centaurs
  5 elf zombies (Ossuary)
  8 kobold brigands
  6 bullfrogs
  4 gnoll sergeants
  6 scorpions
  9 wights
  4 killer bees
  9 howler monkeys
  2 electric eels (Lair:2)
  5 gnoll boudas
  3 human zombies (Ossuary)
  16 orc priests
  2 hounds (D:6)
  4 jellies
  An iguana (D:6)
  2 sleepcaps (D:6)
  21 orc wizards
  2 mummies (Ossuary)
  15 gnolls
  11 adders
  2 shadow imps (D:6)
  9 white imps
  2 ufetubi (D:8)
  2 adder zombies (Ossuary)
  6 worms
  3 dart slugs
  69 orcs
  7 ball pythons
  7 bats
  10 endoplasms
  3 giant cockroaches
  6 goblins
  6 hobgoblins
  8 jackals
  6 quokkas
  A frilled lizard (D:1)
  A goblin zombie (D:8)
  12 hobgoblin zombies (Ossuary)
  2 jackal zombies (Ossuary)
  14 kobolds
  A kobold skeleton (D:8)
  5 kobold zombies (Ossuary)
  7 orc zombies (Ossuary)
  5 rats
  A rat zombie (Ossuary)
  A bush (Lair:3)
507 creatures vanquished.

Vanquished Creatures (collateral kills)
  A water moccasin (Lair:2)
1 creature vanquished.

Vanquished Creatures (others)
  An angel (D:5)
  A wyvern (D:7)
  A wight (D:7)
  2 orc wizards
  50 foxfires
  11 fungi
  29 plants
95 creatures vanquished.

Grand Total: 603 creatures vanquished

Notes
Turn   | Place    | Note
-------+----------+-------------------------------------------
     0 | D:1      | Lobster4 the Troll Earth Elementalist began the quest for
                  | the Orb.
     0 | D:1      | Reached XP level 1. HP: 16/16 MP: 1/1
   165 | D:1      | Reached XP level 2. HP: 22/24 MP: 3/3
   168 | D:1      | Learned a level 2 spell: Passwall
   351 | D:1      | Found a faded altar of an unknown god.
   505 | D:1      | Reached skill level 1 in Transmutations
   721 | D:2      | Reached XP level 3. HP: 28/32 MP: 4/4
   935 | D:2      | Reached skill level 1 in Fighting
  1034 | D:2      | Reached skill level 1 in Unarmed Combat
  1034 | D:2      | Reached XP level 4. HP: 10/41 MP: 5/5
  2251 | D:4      | Reached skill level 1 in Maces & Flails
  2251 | D:4      | Reached skill level 1 in Armour
  2251 | D:4      | Reached XP level 5. HP: 48/48 MP: 0/6
  2425 | D:4      | Found a burning altar of Makhleb.
  2516 | D:4      | Noticed a centaur
  2587 | D:4      | Killed a centaur
  2588 | D:4      | Reached skill level 1 in Throwing
  2588 | D:4      | Reached XP level 6. HP: 55/55 MP: 7/7
  2606 | D:4      | Reached skill level 1 in Evocations
  2926 | D:4      | Learned a level 3 spell: Stone Arrow
  2988 | D:5      | Entered Level 5 of the Dungeon
  2991 | D:5      | Found an ornate altar of the Wu Jian Council.
  3250 | D:5      | Found a glowing silver altar of Zin.
  3250 | D:5      | Noticed an angel
  3251 | D:5      | Found a shimmering altar of Xom.
  3596 | D:5      | Noticed a water moccasin
  3676 | D:5      | Found a bloodstained altar of Trog.
  3687 | D:5      | Killed an angel
  3796 | D:5      | Reached XP level 7. HP: 38/62 MP: 8/8
  4080 | D:6      | Reached skill level 1 in Conjurations
  4260 | D:6      | Found a shadowy altar of Dithmenos.
  4291 | D:6      | Found a glowing golden altar of the Shining One.
  4516 | D:6      | Reached XP level 8. HP: 52/72 MP: 10/10
  4935 | D:6      | Found a staircase to the Ecumenical Temple.
  5111 | D:7      | Found Ritimir's General Store.
  5127 | D:7      | Found a sand-covered staircase.
  5137 | Ossuary  | Entered an ossuary
  5614 | D:7      | Reached XP level 9. HP: 81/81 MP: 11/11
  5698 | D:7      | Found an ancient bone altar of Kikubaaqudgha.
  5702 | D:7      | Noticed Joseph
  5716 | D:7      | HP: 4/83 [Joseph/+2 heavy quarterstaff (24)]
  5718 | D:7      | Killed Joseph
  5818 | D:7      | Found an opulent altar of Gozag.
  5834 | D:7      | Upgraded the game from 0.30-a0-964-gd452b5e7fa to
                  | 0.30-a0-965-g42e074c17a
  5990 | D:7      | Reached skill level 5 in Earth Magic
  6053 | D:7      | Found a hide-covered altar of Uskayaw.
  6763 | D:8      | Noticed a polar bear
  7038 | D:7      | Reached XP level 10. HP: 38/92 MP: 14/14
  7275 | D:7      | Reached skill level 5 in Unarmed Combat
  7511 | D:8      | Noticed a death yak
  7694 | D:8      | Found a runed translucent door.
  7730 | D:8      | Found a staircase to the Lair.
  8075 | D:8      | Reached skill level 5 in Dodging
  8362 | D:8      | Noticed Psyche
  8398 | D:7      | Killed a death yak
  8563 | D:8      | Killed Psyche
  8982 | D:8      | Found a basalt altar of Yredelemnul.
  9068 | D:8      | Found a white marble altar of Elyvilon.
  9426 | D:9      | Reached skill level 5 in Fighting
  9445 | D:9      | Found a snail-covered altar of Cheibriados.
  9641 | D:9      | Reached XP level 11. HP: 61/102 MP: 16/16
  9840 | D:9      | Found a stormy altar of Qazlal.
  9955 | Temple   | Entered the Ecumenical Temple
 10094 | D:7      | Became a worshipper of Uskayaw the Reveller
 10258 | D:9      | Reached * piety under Uskayaw
 10378 | D:9      | Found a blossoming altar of Fedhas.
 10447 | D:9      | Reached ** piety under Uskayaw
 10580 | D:9      | Noticed Maggie
 10583 | D:9      | Killed Maggie
 10900 | D:9      | Reached *** piety under Uskayaw
 10934 | D:10     | Entered Level 10 of the Dungeon
 10954 | D:9      | Reached **** piety under Uskayaw
 11025 | D:9      | Reached skill level 1 in Invocations
 11047 | D:9      | Reached skill level 1 in Axes
 11374 | D:10     | Noticed a two-headed ogre
 11579 | D:10     | Noticed a two-headed ogre
 11685 | D:10     | Reached ***** piety under Uskayaw
 11935 | D:10     | Noticed a two-headed ogre
 11972 | D:10     | Found a staircase to the Orcish Mines.
 12243 | D:10     | Noticed a two-headed ogre
 12250 | D:10     | Killed a two-headed ogre
 12256 | D:10     | Noticed a two-headed ogre
 12366 | D:9      | Found a snail-covered altar of Cheibriados.
 12723 | D:9      | Found a blossoming altar of Fedhas.
 12726 | D:9      | Found a stormy altar of Qazlal.
 12767 | D:9      | Killed a two-headed ogre
 13168 | D:10     | Noticed an orc sorcerer
 13190 | D:10     | Killed an orc sorcerer
 13419 | D:10     | Killed a two-headed ogre
 13420 | D:10     | Reached XP level 12. HP: 104/113 MP: 8/17
 13499 | D:10     | Killed a two-headed ogre
 13500 | D:10     | Reached skill level 5 in Conjurations
 13553 | D:9      | Reached skill level 5 in Armour
 13965 | D:10     | Killed a two-headed ogre
 14482 | D:11     | Noticed a two-headed ogre
 14497 | D:11     | Killed a two-headed ogre
 14554 | D:11     | Learned a level 1 spell: Foxfire
 14664 | D:11     | Noticed a two-headed ogre
 14675 | D:11     | Killed a two-headed ogre
 14763 | D:11     | Noticed a two-headed ogre
 14770 | D:11     | Killed a two-headed ogre
 15190 | D:11     | Reached skill level 5 in Spellcasting
 15486 | Orc:1    | Entered Level 1 of the Orcish Mines
 15936 | Orc:1    | Found Pecah's Jewellery Shop.
 16262 | Orc:1    | Bought the ring "Zacwun" {Fly rF+} for 441 gold pieces
 16272 | Orc:2    | Entered Level 2 of the Orcish Mines
 16370 | Orc:1    | Reached skill level 1 in Fire Magic
 16545 | Orc:1    | Reached skill level 5 in Axes
 16598 | Orc:2    | Noticed Jorgrun
 16752 | Lair:1   | Entered Level 1 of the Lair of Beasts
 16753 | Lair:1   | Noticed Amaemon
 16768 | Lair:1   | Killed Amaemon
 18288 | Lair:1   | Reached XP level 13. HP: 118/123 MP: 13/19
 18687 | Lair:1   | Identified the +2 ring mail "Missat" {rPois rN+ Regen+
                  | Int-4}
 19036 | Lair:2   | Found a hole to the Spider Nest.
 19299 | Lair:2   | Reached skill level 5 in Throwing
 20871 | Lair:3   | Reached ****** piety under Uskayaw
 21381 | Lair:3   | Slain by a merfolk

Illustrated notes

Levels and vault maps discovered:
D:1:      dpeg_arrival_short_road, layout_loops_ring,
          hellmonk_ecumenical_altar_pennies_from_heaven
D:2:      layout_rooms, serial_curves, eino_curves_03, eino_curves_03
D:3:      layout_loops_ring
D:4:      layout_loops_ring, bloody_makhleb, minivault_1
D:5:      layout_loops_ring, grunt_temple_overflow_order_and_chaos_1,
          nzn_wu_jian_contemplation, mainiacjoe_overflow_alcove_4
D:6:      layout_loops_cross, grunt_dithmenos_shadows, tso_oasis_becter,
          minmay_temple_entry_from_below_a
D:7:      layout_basic, mainiacjoe_overflow_surrounded_room,
          nicolae_gozag_cash_rules_everything_around_me,
          overflow_temple_1_default, serial_shops, shop_statue,
          nicolae_ossuary_entry_ruins, minmay_fractal_squares_5, uniq_joseph
D:8:      layout_basic, elyvilon_altar_1, dk_yredelemnul_ordeal,
          erik_lair_orcish_takeover, serial_ice, serial_ice_m, serial_ice_o,
          serial_ice_d, serial_ice_a, serial_ice_i, uniq_psyche
D:9:      layout_basic, grunt_temple_overflow_forces_of_nature,
          nicolae_overflow_crystal_walls, worms_lemuel, uniq_maggie
D:10:     lemuel_castle_with_subvaults [lemuel_castle_interior_carwin_3],
          layout_irregular_city, erik_orc_3
D:11:     layout_small_grid
Temple:   hellmonk_temple_beads
Lair:1:   layout_small_grid, grunt_megastairs_4, uniq_amaemon
Lair:2:   layout_small_grid, nicolae_spider_entry_non_spiders,
          grunt_megastairs_1, lemuel_fruit_tree, serial_bayou_shore_b,
          serial_bayou_shore_a, serial_bayou_shore_b
Lair:3:   layout_layer_cave, elwin_shoals_entry_stream,
          minmay_lair_oklob_bushes, minmay_hedge_maze
Orc:1:    layout_caves, serial_shops, shop_fountains
Orc:2:    st_orc_town, layout_caves, maelrawn_ghost_gauntlet_escape,
          nicolae_orc_lost_temple, uniq_jorgrun

Skill      XL: |  1  2  3  4  5  6  7  8  9 10 11 12 13 |
---------------+----------------------------------------+-----
Transmutations | 1 |  1.0
Earth Magic    | 3 4 5 6 7 8 |  8.2
Fighting       | 1 2 3 4 5 6 7 |  7.1
Unarmed Combat | 1 2 3 4 5 6 7 8 |  8.3
Dodging        | 2 3 4 5 6 |  6.0
Maces & Flails | 1 2 |  2.1
Armour         | 1 2 3 4 5 6 |  6.1
Throwing       | 1 2 3 4 5 |  5.4
Evocations     | 1 2 3 |  3.0
Spellcasting   | 2 3 4 5 |  5.4
Conjurations   | 1 2 3 4 5 |  5.6
Invocations    | 2 4 |  4.7
Axes           | 3 5 6 |  6.4
Fire Magic     | 1 2 |  2.5
Stealth        | |  1.0

Action                     |  1- 3 |  4- 6 |  7- 9 | 10-12 | 13-15 || total
---------------------------+-------+-------+-------+-------+-------++-------
  Melee: Unarmed           |   153 |   158 |   487 |  1016 |   322 ||  2136
         Punch             |     1 |     3 |     8 |    42 |    24 ||    78
         Staff             |       |       |       |       |    15 ||    15
  Throw: Stone             |     6 |    10 |    12 |    11 |       ||    39
         Dart              |       |       |    24 |    83 |    37 ||   144
         Boomerang         |       |       |    10 |    39 |     2 ||    51
         Throwing net      |       |       |       |     2 |       ||     2
         Large rock        |       |       |       |       |     4 ||     4
   Cast: Sandblast         |       |    32 |    22 |    49 |     1 ||   104
         Stone Arrow       |       |       |     6 |    76 |    23 ||   105
         Foxfire           |       |       |       |    21 |     8 ||    29
 Invoke: Stomp             |       |       |       |       |     2 ||     2
  Evoke: Wand              |       |     1 |    10 |    22 |     9 ||    42
         Condenser vane    |       |       |       |       |     1 ||     1
    Use: Scroll            |       |     9 |     7 |    11 |     3 ||    30
         Potion            |       |       |     2 |     5 |     5 ||    12
   Stab: Sleeping          |     1 |     2 |     1 |       |       ||     4
         Paralysed         |       |       |       |    21 |    14 ||    35
 Armour: Robe              |    69 |    52 |   169 |    32 |       ||   322
         Steam dragon scal |       |       |       |    52 |       ||    52
         Swamp dragon scal |       |       |       |   311 |   122 ||   433
         Skin              |       |       |       |       |    17 ||    17
  Dodge: Dodged            |    82 |    68 |   162 |   461 |   127 ||   900
  Block: Other             |       |    23 |    94 |   242 |    78 ||   437
         Reflection        |       |     1 |     2 |    14 |     1 ||    18

Table legend: (Time is in decaauts)
 A = Elapsed time spent in this place.
 B = Non-inter-level travel time spent in this place.
 C = Inter-level travel time spent in this place.
 D = Time resting spent in this place.
 E = Time spent auto-exploring this place.
 F = Levels seen in this place.
 G = Mean time per level.
                   A        B        C        D        E       F      G
               +--------+--------+--------+--------+--------+-----+--------+
         Total |  21268 |  19963 |   1305 |   1973 |  12160 |  18 | 1181.6 |
       Dungeon |  15163 |  14132 |   1031 |   1669 |   8363 |  11 | 1378.5 |
        Temple |    121 |    104 |     17 |      0 |     90 |   1 |  121.0 |
          Lair |   4578 |   4459 |    119 |    283 |   3187 |   3 | 1526.0 |
  Orcish Mines |    981 |    844 |    137 |     21 |    459 |   2 |  490.5 |
       Ossuary |    423 |    423 |      0 |      0 |     61 |   1 |  423.0 |
               +--------+--------+--------+--------+--------+-----+--------+

Top non-repeatable levels by time:
     D:9: 2409 daAuts
    D:10: 2397 daAuts
     D:7: 2381 daAuts
  Lair:1: 2063 daAuts
     D:8: 1762 daAuts
  Lair:2: 1713 daAuts
     D:6: 1203 daAuts
    D:11: 1134 daAuts
     D:5: 881 daAuts
     D:4: 828 daAuts
  Lair:3: 801 daAuts
   Orc:1: 785 daAuts
     D:1: 754 daAuts
     D:3: 747 daAuts
     D:2: 662 daAuts
